 Dungeon Crawl Stone Soup version 0.30-a0-381-g6ea064c7b4 (webtiles) character file.

Game seed: 16312837269199218121

194 qeuew the Trooper (level 5, 0/42 HPs)
             Began as a Demonspawn Monk on Dec 1, 2022.
             Slain by an iguana (12 damage)
             ... on level 4 of the Dungeon.
             The game lasted 00:05:07 (2459 turns).

qeuew the Trooper (Demonspawn Monk)                 Turns: 2459, Time: 00:05:08

Health: 0/42       AC:  3    Str: 13    XL:     5   Next: 44%
Magic:  7/7        EV: 13    Int: 12    God:
Gold:   201        SH:  0    Dex: 15    Spells: 6/6 levels left

rFire   + . .      SeeInvis .    a - +0 mace
rCold   + . .      Faith    .    (no shield)
rNeg    . . .      Spirit   .    b - +1 robe
rPois   +          Reflect  .    (helmet unavailable)
rElec   .          Harm     .    (no cloak)
rCorr   .          Rampage  .    (no gloves)
Will    .....                    (no boots)
Stlth   +.........               (no amulet)
HPRegen 1.07/turn                h - ring of protection from fire
MPRegen 0.10/turn                m - ring of poison resistance

@: confused, ambrosia-drunk
A: horns 3, demonic magic 1, cold resistance 1, regeneration 1
a: no special abilities


You were on level 4 of the Dungeon.
You visited 1 branch of the dungeon, and saw 4 of its levels.

You collected 201 gold pieces.

Inventory:

Hand Weapons
 a - a +0 mace (weapon)
Armour
 b - a +1 robe (worn)
Jewellery
 h - a ring of protection from fire (left hand)
 m - a ring of poison resistance (right hand)
Scrolls
 g - 3 scrolls of enchant armour
Potions
 d - 3 potions of haste
 f - 2 potions of invisibility
 n - a potion of mutation


   Skills:
 + Level 3.9 Fighting
 + Level 3.4 Maces & Flails
 + Level 2.1 Armour
 + Level 3.5 Dodging
 - Level 1.7 Stealth
 + Level 1.4 Spellcasting


You had 6 spell levels left.
You didn't know any spells.
Your spell library was empty.

Dungeon Overview and Level Annotations

Branches:
Dungeon (4/15)
 Temple: D:4-7

Altars:
Ru


Innate Abilities, Weirdness & Mutations

You have a pair of large horns on your head.
Spells you cast may paralyse adjacent enemies.
Your flesh is cold resistant. (rC+)
Your natural rate of healing is unusually fast.


Message History

The ball python bites you. The ball python closely misses you.
The orc barely misses you. x2
The orc attacks as you move away! The orc misses you.
The ball python bites you but does no damage.
The ball python misses you. The ball python completely misses you.
The ball python misses you.
You barely miss the ball python.
The ball python bites you but does no damage.
The ball python grabs you. The ball python constricts you.
The ball python bites you but does no damage.
The ball python constricts you.
You hit the ball python.
The ball python is severely wounded.
The ball python bites you but does no damage.
The ball python constricts you.
You hit the ball python.
You kill the ball python!
You hit the orc but do no damage.
The orc hits you with a +2 morningstar of protection!
The orc misses you.
You closely miss the orc. The orc closely misses you.
The orc hits you from afar with a +0 trident.
You hit the orc.
The orc is moderately wounded.
The orc closely misses you.
The orc hits you from afar with a +0 trident!
You thump the orc!
You kill the orc!
The orc misses you.
You closely miss the iguana.
The iguana is moderately wounded.
The iguana bites you!
The orc hits you from afar with a +0 trident!
* * * LOW HITPOINT WARNING * * *
The iguana barely misses you.
The orc hits you from afar with a +0 trident.
* * * LOW HITPOINT WARNING * * *
You are confused.
You feel invigorated. The iguana bites you!
You die...

.....#.^...## ............##
.............#
.............#
.............#
..<..........#
..†..........# ######## #
.<...........######o.....#.#
................@loo.......#
.....#.....########o.......#
############ #........#
########..>...#.
........o.....#.
######o.........
#.....).......###
..#..............
#.####.......##


You could see an iguana and 4 orcs.

Vanquished Creatures
  A hound (D:3)
  An iguana (D:4)
  5 adders
  3 worms
  3 dart slugs (D:2)
  An orc (D:4)
  10 ball pythons
  9 endoplasms
  7 giant cockroaches
  3 goblins
  6 hobgoblins
  3 jackals (D:3)
  10 kobolds
  4 quokkas
  5 bats
  5 frilled lizards
  2 rats
78 creatures vanquished.

Vanquished Creatures (others)
  27 plants (D:3)
27 creatures vanquished.

Grand Total: 105 creatures vanquished

Notes
Turn   | Place    | Note
-------+----------+-------------------------------------------
     0 | D:1      | qeuew the Demonspawn Monk began the quest for the Orb.
     0 | D:1      | Reached XP level 1. HP: 18/18 MP: 1/1
   240 | D:1      | Gained mutation: You have a pair of small horns on your
                  | head. [demonic ancestry]
   240 | D:1      | Reached XP level 2. HP: 22/24 MP: 2/2
   424 | D:1      | Found a faded altar of an unknown god.
   738 | D:1      | Reached skill level 1 in Armour
   833 | D:1      | Gained mutation: You have a pair of horns on your head.
                  | [potion of mutation]
   833 | D:1      | Gained mutation: You have hidden genetic potential. [potion
                  | of mutation]
   917 | D:2      | Gained mutation: Spells you cast may paralyse adjacent
                  | enemies. [demonic ancestry]
   917 | D:2      | Reached XP level 3. HP: 29/29 MP: 3/3
  1064 | D:2      | Gained mutation: Your natural rate of healing is unusually
                  | fast. [hidden potential]
  1304 | D:2      | Found a sacrificial altar of Ru.
  1406 | D:2      | Mutation became permanent: You have a pair of small horns
                  | on your head. [demonic ancestry]
  1406 | D:2      | Gained mutation: You have a pair of horns on your head.
                  | [demonic ancestry]
  1406 | D:2      | Reached XP level 4. HP: 35/35 MP: 4/4
  1628 | D:3      | Gained mutation: Your flesh is cold resistant. (rC+)
                  | [hidden potential]
  1628 | D:3      | Lost mutation: You have hidden genetic potential. [hidden
                  | potential expressed]
  1886 | D:3      | Reached skill level 1 in Spellcasting
  1886 | D:3      | Gained mutation: You have a pair of large horns on your
                  | head. [demonic ancestry]
  1886 | D:3      | Reached XP level 5. HP: 32/42 MP: 6/6
  2459 | D:4      | Slain by an iguana

Illustrated notes

Levels and vault maps discovered:
D:1:      kennysheep_arrival_seaside, layout_basic, basic_ecumenical_altar
D:2:      layout_basic, basic_altar, kennysheep_generic_room_4
D:3:      minmay_wonky_spiral, layout_loops_cross, portal_sewer_entry_e,
          serial_bayou_lagoon_a
D:4:      layout_rooms, uniq_grinder

Skill      XL: |  1  2  3  4  5 |
---------------+----------------+-----
Armour         | 1 2 |  2.1
Maces & Flails | 3 |  3.4
Dodging        | 3 |  3.5
Spellcasting   | 1 |  1.4
Fighting       | |  3.9
Stealth        | |  1.7

Action                   |  1- 3 |  4- 6 || total
-------------------------+-------+-------++-------
Melee: Mace              |   122 |   114 ||   236
       Headbutt          |    20 |    21 ||    41
       Punch             |     1 |       ||     1
  Use: Potion            |     3 |     7 ||    10
       Scroll            |     1 |     6 ||     7
 Stab: Sleeping          |     7 |     4 ||    11
Armor: Robe              |    22 |    41 ||    63
Dodge: Dodged            |    96 |   111 ||   207

Table legend: (Time is in decaauts)
 A = Elapsed time spent in this place.
 B = Non-inter-level travel time spent in this place.
 C = Inter-level travel time spent in this place.
 D = Time resting spent in this place.
 E = Time spent auto-exploring this place.
 F = Levels seen in this place.
 G = Mean time per level.
                   A        B        C        D        E       F      G
               +--------+--------+--------+--------+--------+-----+--------+
         Total |   2515 |   2379 |    136 |     21 |   1538 |   4 |  628.8 |
       Dungeon |   2515 |   2379 |    136 |     21 |   1538 |   4 |  628.8 |
               +--------+--------+--------+--------+--------+-----+--------+

Top non-repeatable levels by time:
     D:3: 920 daAuts
     D:1: 869 daAuts
     D:2: 655 daAuts
     D:4: 70 daAuts
